AoeStats
← Doak

MegaRandom

507169333Analyzed
2v2 RM · 15d ago on Sep 17, 2026· 62m 44s· 4 players
Game mode
Random Map
Map size
Medium (4 player)
Population
200
Speed
Normal
Resources
Standard
Victory
Conquest
Starting age
Dark Age
Ending age
Imperial Age
RankedLock teamsTeams togetherTeam positionsShared explorationLock speedFull tech treeHidden civsTurbo modeCheats
Victory
Defeat
🇺🇸 Muisca · United States
1621
+6
🇬🇧 Georgians · United Kingdom
1574
+7
🇬🇧 Vietnamese · United Kingdom
1413
-8
🇺🇸 Huns · United States
1288
-5
Chiro My Hero
0:27 Loom
8:41 Feudal Age
15:58 Fletching
16:29 Double-Bit Axe
19:41 Castle Age
17:45 Horse Collar
18:32 Scale Mail Armor
19:19 Forging
18:49 Champi Runner
20:29 Bodkin Arrow
21:59 Squires
22:40 Champi Warrior
24:36 Chain Mail Armor
26:56 Iron Casting
28:59 Fishing Lines
30:16 Wheelbarrow
30:56 Medium Warships
32:03 Hand Cart
32:00 Bow Saw
31:50 Heavy Plow
33:06 Ballistics
37:58 Imperial Age
36:47 Heavy Plow
36:39 Gold Mining
36:39 Stone Mining
38:20 Herbalism
39:35 Plate Mail Armor
39:27 Elite Champi Warrior
41:16 Conscription
43:46 Chemistry
44:22 Bracer
46:15 Pikeman
47:06 Siege Engineers
48:23 Two-Man Saw
50:37 Masonry
50:07 Treadmill Crane
50:46 Town Watch
51:10 Padded Archer Armor
50:59 Elite Temple Guard
55:24 Sanctity
55:19 Block Printing
55:16 Fervor
58:11 Hoardings
NarKofer
0:29 Loom
9:54 Feudal Age
17:05 Castle Age
15:26 Double-Bit Axe
17:59 Medium Warships
18:39 Forging
23:28 Bow Saw
25:14 Careening
25:25 Clinker Construction
25:27 Demolition Ship
26:41 Gold Mining
29:19 Wheelbarrow
35:06 Imperial Age
32:39 Horse Collar
33:23 Fletching
34:02 Bodkin Arrow
34:40 Town Watch
36:51 Heavy Warships
36:28 Bracer
37:54 Chemistry
37:00 Siege Engineers
40:45 Hand Cart
40:54 Town Patrol
45:46 Light Cavalry
47:00 Hussar
47:41 Husbandry
48:26 Bloodlines
48:40 Conscription
48:35 Svan Towers
50:41 Scale Barding Armor
51:12 Iron Casting
51:55 Chain Barding Armor
51:45 Aznauri Cavalry
54:47 Plate Barding Armor
57:41 Caravan
58:46 Blast Furnace
57:48 Padded Archer Armor
57:45 Guard Tower
57:41 Arrowslits
58:32 Heavy Plow
61:23 Keep
61:09 Ballistics
The Stray King
5:51 Loom
8:25 Feudal Age
12:03 Fletching
12:52 Double-Bit Axe
16:22 Horse Collar
17:23 Padded Archer Armor
22:35 Castle Age
23:41 Bodkin Arrow
24:11 Bow Saw
24:33 Thumb Ring
26:15 Leather Archer Armor
26:22 Ballistics
29:00 Husbandry
31:24 Scale Barding Armor
33:32 Chain Barding Armor
40:16 Imperial Age
38:26 Town Watch
39:18 Wheelbarrow
39:05 Bloodlines
38:16 Light Cavalry
41:24 Hand Cart
41:08 Heavy Cavalry Archer
43:00 Cavalier
44:17 Plate Barding Armor
43:44 Bracer
44:53 Chemistry
45:46 Conscription
46:49 Paladin
48:39 Plate Barding Armor
48:15 Forging
51:49 Iron Casting
54:54 Blast Furnace
54:29 Heavy Plow
55:41 Conscription
Doak
0:27 Loom
9:26 Feudal Age
9:58 Double-Bit Axe
12:51 Fletching
14:58 Wheelbarrow
20:10 Castle Age
18:27 Gold Mining
21:02 Medium Warships
20:47 Bodkin Arrow
23:53 Bow Saw
24:09 Horse Collar
24:46 Stone Mining
30:54 Ballistics
34:09 Padded Archer Armor
39:17 Imperial Age
39:25 Imperial Age
36:43 Town Watch
37:22 Fishing Lines
38:01 Leather Archer Armor
38:50 Clinker Construction
38:55 Careening
40:35 Heavy Warships
40:14 Bracer
41:16 Chemistry
44:01 Heavy Plow
46:28 Hand Cart
47:48 Two-Man Saw
47:18 Onager
51:05 Pikeman
52:17 Scale Mail Armor
53:12 Squires
53:37 Chain Mail Armor
53:45 Halberdier
Connection lost

Rejoining the realm…

Still unreachable

The connection could not be restored.

Session expired

The server has moved on; the page needs a fresh start.